 Dungeon Crawl Stone Soup version 0.21.1-1-g345015fe64 (webtiles) character file.

17194 Vinski the Cleaver (level 12, 0/106 HPs)
             Began as a Minotaur Berserker on June 27, 2018.
             Was a High Priest of Trog.
             Incinerated by a smoke demon (4 damage)
             ... with a sticky flame
             ... on level 13 of the Dungeon.
             The game lasted 00:27:02 (13242 turns).

Vinski the Cleaver (Minotaur Berserker)            Turns: 13242, Time: 00:27:02

Health: 0/106      AC: 23    Str: 28    XL:     12   Next: 16%
Magic:  11/11      EV:  9    Int:  4    God:    Trog [*****.]
Gold:   536        SH:  0    Dex:  9    Spells: 11/11 levels left

rFire    . . .     SeeInvis +   S - +8 executioner's axe (drain)
rCold    . . .     Gourm    .   (shield currently unavailable)
rNeg     . . .     Faith    +   m - +0 plate armour
rPois    .         Spirit   .   (helmet restricted)
rElec    .         Reflect  .   (no cloak)
rCorr    .         Harm     .   Y - +0 pair of gloves "Ceiloge" {Regen+ SInv}
MR       +++..                  k - +2 pair of boots
Stlth    ..........             v - amulet of faith
HPRegen  1.67/turn              s - +3 ring of protection
MPRegen  0.12/turn              H - ring of protection from magic

@: liquid flames, berserk cooldown, regenerating, slowed, glowing, very slow
A: retaliatory headbutt, horns 2
a: Berserk, Trog's Hand, Brothers in Arms, Burn Spellbooks, Renounce Religion


You were on level 13 of the Dungeon.
You worshipped Trog.
Trog was extremely pleased with you.
You were not hungry.

You visited 1 branch of the dungeon, and saw 13 of its levels.

You collected 802 gold pieces.
You spent 266 gold pieces at shops.

Inventory:

Hand Weapons
 a - a +0 hand axe
 l - a +0 war axe
 G - the +2 whip of the Bouncing Beggars {antimagic, rPois Str+7}
   (You found it on level 8 of the Dungeon)

   It reduces the magical energy of the wielder, and disrupts the spells and
   magical abilities of those hit.
   Natural abilities and divine invocations are not affected.
   It affects your strength (+7).
   It protects you from poison.
 J - a +7 antimagic short sword
 S - a +8 executioner's axe of draining (weapon)
Armour
 b - a +0 animal skin
 g - a +0 chain mail
 k - a +2 pair of boots (worn)
 m - a +0 plate armour (worn)
 t - a +2 buckler
 u - the +1 ring mail "Xuocziaf" {rF+ Str+7 Slay-5}
   (You found it on level 4 of the Dungeon)

   It affects your strength (+7).
   It affects your accuracy and damage with ranged weapons and melee attacks
   (-5).
   It protects you from fire.
 Y - the +0 pair of gloves "Ceiloge" (worn) {Regen+ SInv}
   (You bought it in a shop on level 13 of the Dungeon)

   It lets you see invisible.
   It increases your rate of regeneration.
Jewellery
 s - a +3 ring of protection (left hand)
 v - an amulet of faith (around neck)
 A - an uncursed ring of teleportation
 H - a ring of protection from magic (right hand)
 I - a cursed amulet of inaccuracy {unknown}
 K - an uncursed ring of see invisible
 L - an uncursed ring of poison resistance {unknown}
 M - a cursed ring of loudness {unknown}
 P - a cursed amulet of inaccuracy {unknown}
 R - an uncursed amulet of magic regeneration {unknown}
 U - a +2 ring of evasion {unknown}
Wands
 i - a wand of disintegration (9)
 p - a wand of digging (25)
 y - a wand of paralysis (13)
 F - a wand of random effects (28)
 W - a wand of acid (9)
Scrolls
 d - 9 scrolls of immolation
 h - 3 scrolls of enchant armour
 j - 13 scrolls of identify
 n - a scroll of blinking
 w - a scroll of teleportation
 x - 2 scrolls of remove curse
 O - 2 scrolls of holy word {unknown}
 T - a scroll of fog
 V - a scroll of random uselessness {unknown}
Potions
 e - 2 potions of berserk rage
 f - 2 potions of heal wounds
 o - 3 potions of might
 q - 11 potions of degeneration
 r - a potion of invisibility {unknown}
 z - 4 potions of haste
 B - 2 potions of ambrosia {unknown}
 C - 2 potions of curing
 D - a potion of flight
 Q - 2 potions of lignification {unknown}
Books
 E - Sif Muna's Volume of Dusty Self-Improvement
   (You found it on level 8 of the Dungeon)

   Spells                             Type                      Level
   a - Swiftness                      Charms/Air                   2
   b - Shroud of Golubria             Charms/Translocation         2
   c - Regeneration                   Charms/Necromancy            3
   d - Petrify                        Transmutation/Earth          4
   e - Excruciating Wounds            Charms/Necromancy            5
   Trog disapproves of the use of such an item.
 N - a book of Conjurations

   Spells                             Type                      Level
   a - Magic Dart                     Conjuration                  1
   b - Searing Ray                    Conjuration                  2
   c - Dazzling Spray                 Conjuration/Hexes            3
   d - Fulminant Prism                Conjuration/Hexes            4
   e - Force Lance                    Conjuration/Translocation    4
   f - Iskenderun's Mystic Blast      Conjuration                  4
   Trog disapproves of the use of such an item.
 X - a book of Air

   Spells                             Type                      Level
   a - Shock                          Conjuration/Air              1
   b - Swiftness                      Charms/Air                   2
   c - Static Discharge               Conjuration/Air              3
   d - Airstrike                      Air                          4
   e - Lightning Bolt                 Conjuration/Air              5
   Trog disapproves of the use of such an item.
Comestibles
 c - 15 rations


   Skills:
 + Level 9.8 Fighting
 + Level 14.4(15.2) Axes
 + Level 8.4(12.4) Maces & Flails
 + Level 11.6 Armour
 + Level 3.9 Dodging
 + Level 0.9 Stealth
 + Level 7.6 Shields


You had 11 spell levels left.
You didn't know any spells.

Dungeon Overview and Level Annotations

Branches:
Dungeon (13/15)            Temple (0/1) D:5            Lair (0/6) D:11
    Orc (0/2) D:9
 Vaults: D:13-14

Altars:
Fedhas
Gozag
Hepliaklqana
Nemelex Xobeh
The Shining One

Shops:
D:5 :   D:7 %   D:13 [


Innate Abilities, Weirdness & Mutations

You reflexively headbutt those who attack you in melee.
You have a pair of horns on your head.


Message History

The demonic crawler hits you but does no damage. x2
The jumping spider pounces on you.
The jumping spider bites you but does no damage.
The smoke demon gestures at you. Something smites you!
* * * LOW HITPOINT WARNING * * *
The orange demon closely misses you.
The redback bites you but does no damage.
The demonic crawler hits you but does no damage. x3
The smoke demon gestures at you. Something smites you!
* * * LOW HITPOINT WARNING * * *
The jumping spider pounces on you!
* * * LOW HITPOINT WARNING * * *
You are caught in a web!
The jumping spider bites you but does no damage.
The orange demon stings you but does no damage.
The web tears apart.
You are covered in liquid flames!
You die...

#..##..##..................
#. #..##......##...##.....
# ##..........##... #.....
#............# .......
#............# .......
#............# .......
#............# ......
##+###s......# .<###
#.@s4..## #. #3es...# #.
#..l....# #. #.K..5..+ #.
.......... ## #..........
##..##.##.. #..# %≈ ..


You could see a demonic crawler, an orange demon, a deep elf mage, a smoke
demon, a jumping spider, a wyvern, a redback, a crimson imp and a kobold.

Vanquished Creatures
  Nessos (D:13)
  2 centaur warriors (D:13)
  3 two-headed ogres
  2 cyclopes
  A manticore (D:12)
  2 ugly things
  A centaur zombie (D:11)
  Joseph (D:10)
  A gargoyle (D:11)
  A centaur skeleton (D:9)
  2 trolls
  5 slime creatures (D:12)
  Grinder (D:3)
  4 hippogriffs
  Sigmund (D:4)
  A shadow (D:11)
  A wyvern (D:9)
  A steam dragon (D:11)
  A basilisk (D:12)
  Eustachio (D:4)
  5 hungry ghosts
  A soldier ant (D:13)
  2 water moccasins
  5 orc warriors
  A black bear (D:9)
  4 ice beasts
  2 necrophages
  A sky beast (D:6)
  5 centaurs
  2 crocodiles (D:11)
  9 bullfrogs
  Blork the orc (D:4)
  2 big kobolds
  3 gnoll sergeants
  3 scorpions
  29 killer bees
  5 wights (D:8)
  The ghost of Lavandula the Digger, a weakling BaEE (D:5)
  An electric eel (D:6)
  A crimson imp (D:11)
  A quasit (D:12)
  3 bullfrog zombies
  A jelly (D:5)
  2 orc priests
  9 orc wizards
  A hound (D:10)
  3 bullfrog skeletons
  3 iguanas
  15 worker ants
  2 hound skeletons
  A hound zombie (D:5)
  2 worker ant zombies (D:5)
  Robin (D:3)
  14 gnolls
  13 adders
  2 shadow imps
  An adder zombie (D:9)
  6 worms
  6 leopard geckos
  37 orcs
  3 ball pythons
  8 bats
  6 giant cockroaches
  27 goblins
  11 hobgoblins
  4 jackals (D:2)
  6 quokkas
  A jackal skeleton (D:4)
  A jackal zombie (D:8)
  14 kobolds
  3 rats
  2 fungi (D:11)
325 creatures vanquished.

Vanquished Creatures (others)
  An orc (D:11)
1 creature vanquished.

Grand Total: 326 creatures vanquished

Notes
Turn   | Place    | Note
-------+----------+-------------------------------------------
     0 | D:1      | Vinski the Minotaur Berserker began the quest for the Orb.
     0 | D:1      | Reached XP level 1. HP: 19/19 MP: 0/0
   101 | D:1      | Reached skill level 4 in Axes
   101 | D:1      | Reached XP level 2. HP: 8/27 MP: 1/1
   742 | D:2      | Reached XP level 3. HP: 25/34 MP: 2/2
  1175 | D:2      | Reached ** piety under Trog
  1175 | D:2      | Reached XP level 4. HP: 28/41 MP: 3/3
  1636 | D:2      | Reached skill level 5 in Axes
  1746 | D:3      | Noticed Robin
  1755 | D:3      | Killed Robin
  1919 | D:3      | Reached XP level 5. HP: 28/47 MP: 4/4
  2234 | D:3      | Noticed Grinder
  2234 | D:3      | Paralysed by Grinder for 4 turns
  2250 | D:3      | Killed Grinder
  2250 | D:3      | Reached skill level 6 in Axes
  2250 | D:3      | Reached XP level 6. HP: 43/55 MP: 5/5
  2260 | D:3      | Found a sparkling altar of Nemelex Xobeh.
  2315 | D:3      | Found a hazy altar of Hepliaklqana.
  2363 | D:3      | Reached *** piety under Trog
  2600 | D:3      | Reached skill level 5 in Fighting
  2976 | D:4      | Noticed Eustachio
  2988 | D:4      | Killed Eustachio
  2988 | D:4      | Reached skill level 7 in Axes
  2988 | D:4      | Reached skill level 5 in Armour
  2988 | D:4      | Reached XP level 7. HP: 60/61 MP: 6/6
  3036 | D:4      | Noticed Blork the orc
  3042 | D:4      | Killed Blork the orc
  3121 | D:4      | Noticed Sigmund
  3137 | D:4      | Killed Sigmund
  3137 | D:4      | Reached skill level 8 in Axes
  3581 | D:4      | Got a diamond-encrusted ring mail
  3592 | D:4      | Identified the +1 ring mail "Xuocziaf" {rF+ Str+7 Slay-5} (You found it on level 4 of the Dungeon)
  3709 | D:4      | Found a glowing golden altar of the Shining One.
  3710 | D:4      | Found a blossoming altar of Fedhas.
  3970 | D:5      | Entered Level 5 of the Dungeon
  3990 | D:5      | Reached skill level 1 in Shields
  4108 | D:5      | Found a staircase to the Ecumenical Temple.
  4129 | D:5      | Reached XP level 8. HP: 70/70 MP: 7/7
  4170 | D:5      | Reached skill level 9 in Axes
  4226 | D:5      | Found Derhocull's Book Emporium.
  4480 | D:5      | Noticed Lavandula's ghost (weakling BaEE)
  4488 | D:5      | Reached **** piety under Trog
  4491 | D:5      | Killed Lavandula's ghost
  4943 | D:6      | Reached skill level 10 in Axes
  5902 | D:7      | Received a gift from Trog
  5902 | D:7      | Reached XP level 9. HP: 78/78 MP: 8/8
  6464 | D:7      | Reached skill level 11 in Axes
  6863 | D:7      | Found Pigad's Food Emporium.
  6989 | D:7      | Reached ***** piety under Trog
  6989 | D:7      | Reached skill level 5 in Shields
  7327 | D:8      | Reached skill level 12 in Axes
  7347 | D:8      | Got a jewelled whip
  7360 | D:8      | Identified the cursed +2 whip of the Bouncing Beggars {antimagic, rPois Str+7} (You found it on level 8 of the Dungeon)
  7365 | D:8      | Noticed a two-headed ogre
  7372 | D:8      | Killed a two-headed ogre
  7372 | D:8      | Reached XP level 10. HP: 79/86 MP: 3/9
  7748 | D:8      | Found an opulent altar of Gozag.
  7751 | D:8      | Identified Sif Muna's Volume of Dusty Self-Improvement
  7813 | D:8      | Reached skill level 1 in Maces & Flails
  7879 | D:8      | Received a gift from Trog
  8869 | D:9      | Reached skill level 5 in Maces & Flails
  9103 | D:9      | Found a staircase to the Orcish Mines.
  9190 | D:10     | Entered Level 10 of the Dungeon
  9217 | D:10     | Noticed Joseph
  9234 | D:10     | Killed Joseph
 10316 | D:11     | Received a gift from Trog
 10358 | D:11     | Noticed a cyclops
 10367 | D:11     | Killed a cyclops
 10369 | D:11     | Reached XP level 11. HP: 62/95 MP: 3/10
 10373 | D:11     | Reached skill level 10 in Armour
 11056 | D:11     | Noticed a two-headed ogre
 11062 | D:11     | Received a gift from Trog
 11072 | D:11     | Killed a two-headed ogre
 11429 | D:11     | Found a staircase to the Lair.
 11965 | D:12     | Noticed a cyan ugly thing
 11979 | D:12     | Killed a cyan ugly thing
 12459 | D:12     | Reached skill level 13 in Axes
 12643 | D:13     | Noticed a two-headed ogre
 12646 | D:13     | Noticed a centaur warrior
 12649 | D:13     | Killed a centaur warrior
 12651 | D:13     | Killed a two-headed ogre
 12852 | D:13     | Found Kell's Armour Emporium.
 12852 | D:13     | Noticed a centaur warrior
 12863 | D:13     | Killed a centaur warrior
 12863 | D:13     | Reached skill level 14 in Axes
 12863 | D:13     | Reached XP level 12. HP: 85/106 MP: 11/11
 12871 | D:13     | Bought the +0 pair of gloves "Ceiloge" {Regen+ SInv} for 266 gold pieces
 12980 | D:13     | Noticed Nessos
 12989 | D:13     | Killed Nessos
 13241 | D:13     | HP: 4/106 [jumping spider[a deep elf mage] (8)]
 13242 | D:13     | Incinerated by a smoke demon

Skill      XL: |  1  2  3  4  5  6  7  8  9 10 11 |
---------------+----------------------------------+-----
Fighting       | 4 5 6 7 8 9 |  9.8
Axes           | 4 5 6 7 8 10 12 14 | 14.4
Armour         | 3 4 5 6 7 8 9 11 | 11.6
Shields        | 1 2 5 6 7 |  7.6
Dodging        | 3 |  3.9
Maces & Flails | 7 8 |  8.4
Stealth        | |  0.9

Action                   |  1- 3 |  4- 6 |  7- 9 | 10-12 || total
-------------------------+-------+-------+-------+-------++-------
Melee: Hand axe          |   100 |     7 |       |       ||   107
       Headbutt          |    19 |    16 |    63 |   103 ||   201
       War axe           |       |    86 |   312 |       ||   398
       Whip              |       |       |     6 |   400 ||   406
       Executioner's axe |       |       |       |    93 ||    93
Invok: Berserk           |       |       |     3 |     9 ||    12
       Trog's Hand       |       |       |       |     1 ||     1
  Use: Scroll            |       |       |    16 |     2 ||    18
  Eat: Ration            |     1 |     1 |     7 |     5 ||    14
       Chunk             |       |       |       |    13 ||    13
Armor: Animal skin       |     4 |       |       |       ||     4
       Chain mail        |    39 |     7 |       |       ||    46
       Plate armour      |       |    43 |   230 |   306 ||   579
Dodge: Dodged            |    51 |    49 |   120 |   189 ||   409
Block: Buckler           |       |       |    90 |   112 ||   202
